 Dungeon Crawl Stone Soup version 0.32-a0-612-g1c984fe9d1 (webtiles) character file.

Game seed: 8999442080279025367

1100 Maxmaps the Changeling (level 8, -7/55 HPs)
             Began as an Octopode Shapeshifter on Mar 5, 2024.
             Was an Initiate of Gozag.
             Killed from afar by a steam dragon (13 damage)
             ... with a ball of steam
             ... on level 7 of the Dungeon.
             The game lasted 00:05:18 (5267 turns).

Maxmaps the Changeling (Octopode Shapeshifter)      Turns: 5267, Time: 00:05:19

Health: -7/55      AC:  1    Str: 13    XL:     8   Next: 32%
Magic:  8/8        EV: 14    Int: 14    God:    Gozag
Gold:   542        SH:  0    Dex: 12    Spells: 7/7 levels left

rFire   . .          .
                       - Unarmed
rCold   . . .        v - orb {light}
rNeg    . . .        (helmet currently unavailable)
rPois   .            (no amulet)
rElec   .            (no ring)
rCorr   .            (no ring)
SInv    .            (no ring)
Will    .....        (no ring)
Stlth   +            (no ring)
HPRegen 0.29/turn    (no ring)
MPRegen 0.11/turn    (no ring)
                     (no ring)

%: no passive effects
@: beast-form, glowing
A: beast (slay +3), almost no armour, amphibious, 8 rings, camouflage 1,
gelatinous body 1, (nimble swimmer 1), tentacles
a: Begin Untransformation, Renounce Religion, Potion Petition, Call Merchant,
Bribe Branch


You were on level 7 of the Dungeon.
You worshipped Gozag.
Gozag was pleased with you.
You were a hulking beast.
You visited 2 branches of the dungeon, and saw 9 of its levels.

You collected 603 gold pieces.
You paid 61 gold pieces to Gozag.

Inventory:

Armour
 v - an orb of light (worn)
Talismans
 b - a beast talisman (active)
 c - a flux talisman
 e - a serpent talisman
Wands
 s - a wand of quicksilver (9)
 w - a wand of flame (26)
Scrolls
 d - a scroll of fog
 f - a scroll of poison
 i - 3 scrolls of identify {unknown}
 l - 3 scrolls of teleportation {unknown}
 q - a scroll of revelation {unknown}
 r - a scroll of enchant weapon {unknown}
 t - 2 scrolls of torment {unknown}
 u - a scroll of vulnerability {unknown}
 x - a scroll of immolation {unknown}
 y - a scroll of blinking {unknown}
Potions
 a - a potion of lignification
 g - a potion of mutation {unknown}
 j - 3 potions of heal wounds {unknown}
 k - 4 potions of curing {unknown}
 m - 2 potions of haste {unknown}
 n - a potion of berserk rage {unknown}
 o - a potion of attraction {unknown}
 p - a potion of cancellation {unknown}


   Skills:
 - Level 5.3 Fighting
 - Level 5.0 Dodging
 - Level 3.0 Unarmed Combat
 + Level 6.5 Shapeshifting


You had 7 spell levels left.
You didn't know any spells.
Your spell library contained the following spells:

 Spells                   Type           Power      Damage    Failure   Level
 Magic Dart               Conj           0%         1d3       28%         1
 Sting                    Conj/Alch      0%         1d3       28%         1
 Blink                    Tloc           0%         N/A       41%         2
 Call Imp                 Summ           0%         N/A       41%         2
 Cigotuvi's Dreadful Rot  Necr/Alch/Air  0%         N/A       41%         2
 Mercury Vapours          Alch/Air       0%         N/A       41%         2
 Swiftness                Air            0%         N/A       65%         3
 Ignite Poison            Fire/Alch      0%         N/A       96%         4
 Olgreb's Toxic Radiance  Alch           0%         N/A       96%         4
 Arcjolt                  Conj/Air       0%         1d10      100%        5
 Freezing Cloud           Conj/Ice/Air   0%         6-21      100%        5
 Animate Armour           Summ/Erth      Unusable   N/A       N/A         4

Dungeon Overview and Level Annotations

Branches:
Dungeon (8/15)             Temple (1/1) D:4
   Lair: D:8-11

Altars:
Ashenzari
Cheibriados
Dithmenos
Elyvilon
Fedhas
Gozag
Hepliaklqana
Kikubaaqudgha
Nemelex Xobeh
Okawaru
Qazlal
Ru
Trog
Uskayaw
Xom
Yredelemnul
Zin
The Shining One

Annotations:
D:8 3 runed translucent doors, AutarchDCSS's ghost, novice MDNe; DiddlyDoom's ghost, amateur GrBe


Innate Abilities, Weirdness & Mutations

You are a hulking beast.
Your limbs bulge with bestial killing power. (Slay +3)
You cannot wear most types of armour.
You are amphibious.
You can wear up to eight rings at the same time.
Your skin changes colour to match your surroundings (Stealth+).
Your rubbery body absorbs attacks. (AC +1, EV +1)
((You are camouflaged when in or above water. (Stealth+)))
You have tentacles for arms and can constrict up to eight enemies at once.


Message History

The arrow hits you!
The centaur shoots an arrow.
The arrow hits you.
* * * LOW HITPOINT WARNING * * *
The centaur shoots an arrow.
The arrow barely misses you.
A howler monkey comes into view.
The centaur shoots an arrow.
The arrow hits you!
* * * LOW HITPOINT WARNING * * *
The howler monkey hoots and howls with incredible vigour!
You hear a shout! x3
Okay, then.
Okay, then.
As you read the scroll of summoning, it crumbles to dust.
Wisps of shadow whirl around you...
The centaur unwields a +0 orcbow.
The centaur hits your kobold.
Your kobold dies!
Your kobold's corpse dissolves into shadows!
There are monsters nearby!
Unknown command.
Unknown command.
You swap places.
Found 2 stones.
Your scorpion closely misses the howler monkey.
Your kobold barely misses the steam dragon.
Your kobold brigand hits the howler monkey with a +0 short sword.
Your bullfrog hits the steam dragon.
The howler monkey hits your scorpion but does no damage.
The howler monkey hoots and howls with incredible vigour!
Your scorpion stings the howler monkey.
Your kobold barely misses the steam dragon.
Your kobold hits the steam dragon but does no damage.
Your bullfrog barely misses the steam dragon.
You hear a shout!
The centaur misses your kobold. The centaur kicks your kobold.
The howler monkey hits your scorpion. The steam dragon breathes steam at you.
The ball of steam hits your kobold!!
Your kobold dies!
Your kobold's corpse dissolves into shadows!
The ball of steam hits you!
You die...
Your body crumbles into a pile of gold.

.......##
...........
.........
#......... .....!#
# #........ .>.#..#
..#.......#
...##.## .........
##.##..# ........
#...#..###..###..#
###z........##(..#
......z#..## ###h#
..#....#...####s§##
..#....#..###KhDF.#
. ##...z.!.##zcKW.#
.
#.....z..zz.##.....
#..........## #.#..
#......h..## .# ..
#............ ## .
#.......#.....


You could see a steam dragon (catching breath, ally target), a centaur, 2 howler
monkeys, 3 wights, a friendly kobold brigand (summoned), a friendly phantom
(summoned), a friendly bullfrog (summoned), a friendly scorpion (summoned) and a
friendly kobold (summoned).

Vanquished Creatures
  2 black bears
  A sky beast (D:6)
  An ogre (D:6)
  A centaur (D:8)
  A scorpion (D:3)
  A howler monkey (D:5)
  2 bombardier beetles (D:5)
  A hound (D:5)
  A jelly (D:8)
  An iguana (D:5)
  3 orc priests
  Ijyb (D:5)
  3 orc wizards
  11 adders
  2 ribbon worms
  3 dart slugs
  15 orcs
  8 bats
  7 endoplasms
  A giant cockroach (D:4)
  7 goblins
  3 hobgoblins
  12 jackals
  9 kobolds
  7 quokkas
  6 ball pythons
  5 frilled lizards
  4 rats
119 creatures vanquished.

Notes
Turn   | Place    | Note
-------+----------+-------------------------------------------
     0 | D:1      | Maxmaps the Octopode Shapeshifter began the quest for the
                  | Orb.
     0 | D:1      | Reached XP level 1. HP: 13/13 MP: 1/1
    50 | D:1      | Reached XP level 2. HP: 14/19 MP: 2/2
   219 | D:1      | Found a faded altar of an unknown god.
   234 | D:1      | Got the Incunable of the Familiar and the Atmosphere
   406 | D:1      | Reached XP level 3. HP: 25/25 MP: 3/3
   797 | D:2      | Reached XP level 4. HP: 31/33 MP: 4/4
  1548 | D:3      | Reached XP level 5. HP: 38/38 MP: 5/5
  1600 | D:3      | Reached skill level 5 in Fighting
  1749 | D:3      | Reached XP level 6. HP: 29/45 MP: 6/6
  2409 | D:4      | Found a white marble altar of Elyvilon.
  2410 | D:4      | Found a sacrificial altar of Ru.
  2454 | D:4      | Found a staircase to the Ecumenical Temple.
  2506 | Temple   | Entered the Ecumenical Temple
  2515 | Temple   | Became a worshipper of Gozag Ym Sagoz the Greedy
  3044 | D:4      | Noticed a black bear
  3051 | D:4      | Killed a black bear
  3253 | D:5      | Entered Level 5 of the Dungeon
  3264 | D:5      | Noticed Ijyb
  3270 | D:5      | Killed Ijyb
  3271 | D:5      | Reached skill level 5 in Dodging
  3271 | D:5      | Reached XP level 7. HP: 40/50 MP: 7/7
  3607 | D:5      | Reached skill level 4 in Shapeshifting
  3783 | D:5      | Reached skill level 5 in Shapeshifting
  4081 | D:5      | Identified the +6 falchion of Osio {speed, rN+ Dex+5}
  4593 | D:6      | Reached XP level 8. HP: 35/55 MP: 8/8
  4696 | D:6      | Reached skill level 6 in Shapeshifting
  4736 | D:6      | You fall into a shaft and drop 2 floors!
  4972 | D:8      | Found a runed translucent gate.
  4972 | D:8      | Found a runed translucent gate.
  4975 | D:8      | Found a runed translucent gate.
  4976 | D:8      | Noticed DiddlyDoom's ghost (amateur GrBe)
  4976 | D:8      | Noticed AutarchDCSS's ghost (novice MDNe)
  5267 | D:7      | Killed from afar by a steam dragon

Illustrated notes

Levels and vault maps discovered:
D:1:      dpeg_arrival_tiny_i, layout_loops_ring,
          ebering_ecumenical_altar_sacrificial, minmay_heptomino_l4
D:2:      layout_rooms, lemuel_flame_loot_1
D:3:      layout_loops_cross, minivault_25
D:4:      layout_cave_pods, mainiacjoe_overflow_divided_tiny,
          minmay_temple_entry_junction
D:5:      layout_basic, dreamdust_wishing_well, grunt_ministairs_10,
          minmay_misc_feat_cross, uniq_ijyb
D:6:      layout_gridville, kennysheep_mini, minmay_shop_enchanted_jewellery,
          minmay_strange_pillars
D:7:      layout_cave_pools, lemuel_flamethrower_2
D:8:      layout_loops_corners, gammafunk_ghost_cemetery
Temple:   eino_temple_scatter_basement

Skill      XL: |  1  2  3  4  5  6  7  8 |
---------------+-------------------------+-----
Fighting       | 2 3 4 5 |  5.3
Dodging        | 3 5 |  5.0
Shapeshifting  | 5 6 |  6.5
Unarmed Combat | |  3.0

Action                     |  1- 3 |  4- 6 |  7- 9 || total
---------------------------+-------+-------+-------++-------
  Melee: Unarmed           |    62 |   118 |    63 ||   243
         Constrict         |    17 |    33 |    18 ||    68
         Punch             |     4 |     6 |     3 ||    13
         Tentacles         |     8 |    25 |    23 ||    56
    Use: Scroll            |       |     3 |     1 ||     4
   Stab: Sleeping          |     6 |     4 |       ||    10
 Armour: Skin              |    20 |    53 |    45 ||   118
  Dodge: Dodged            |    41 |    81 |    37 ||   159

Table legend: (Time is in decaauts)
 A = Elapsed time spent in this place.
 B = Non-inter-level travel time spent in this place.
 C = Inter-level travel time spent in this place.
 D = Time resting spent in this place.
 E = Time spent auto-exploring this place.
 F = Levels seen in this place.
 G = Mean time per level.
                   A        B        C        D        E       F      G
               +--------+--------+--------+--------+--------+-----+--------+
         Total |   5252 |   5044 |    208 |    376 |   3938 |   9 |  583.6 |
       Dungeon |   5233 |   5041 |    192 |    376 |   3938 |   8 |  654.1 |
        Temple |     18 |      2 |     16 |      0 |      0 |   1 |   18.0 |
               +--------+--------+--------+--------+--------+-----+--------+

Top non-repeatable levels by time:
     D:5: 1323 daAuts
     D:4: 1002 daAuts
     D:3: 888 daAuts
     D:1: 712 daAuts
     D:2: 621 daAuts
     D:8: 510 daAuts
     D:6: 156 daAuts
     D:7: 19 daAuts
  Temple: 18 daAuts
